General information
- name: BNet
- type: Ladder team game (AT/RT)
- host: Battle.net
- saver: noooooobs
map: TurtleRock
- players: 4
- length: 10:41
- speed: Fast
- version: 1.24 W3XP
- replay type: Public
» download(64 KB)
Players
team 1 (winner)
noooooobs (
red | 111 APM | 1189 actions | 10:41)
4 Blademaster
2 Wind Walk
2 Critical Strike
1 Shadow Hunter
1 Hex
» actions
| Assign group hotkey | 25 | |
| Basic commands | 13 | |
| Build / train | 43 | |
| ESC pressed | 4 | |
| Enter build submenu | 11 | |
| Enter hero's abilities submenu | 5 | |
| Give item / drop item | 2 | |
| Right click | 406 | |
| Select / deselect | 399 | |
| Select group hotkey | 212 | |
| Use ability | 67 | |
1189 total
» units
| Peon | 7 | |
| Grunt | 6 | |
| Raider | 2 | |
| Spirit Walker | 2 | |
17 total
» upgrades
| Backpack | 1 | |
| Berserker Strength | 1 | |
| Ensnare | 1 | |
| Spirit Walker Training | 1 | |
4 total
» buildings
| Altar of Storms | 1 | |
| Orc Burrow | 5 | |
| Voodoo Lounge | 1 | |
| Barracks | 1 | |
| Stronghold | 2 | |
| Beastiary | 1 | |
| Spirit Lodge | 1 | |
12 total
» build order
00:06 Altar of Storms
00:19 Orc Burrow
00:49 Voodoo Lounge
01:27 Barracks
02:13 Orc Burrow
03:18 Stronghold
04:39 Orc Burrow
05:53 Beastiary
06:09 Spirit Lodge
07:35 Orc Burrow
07:41 Orc Burrow
» items
| Healing Salve | 4 | |
| Lesser Clarity Potion | 3 | |
| Circlet of Nobility | 1 | |
| Dust of Appearance | 1 | |
| Boots of Speed | 1 | |
| Scroll of Healing | 1 | |
| Potion of Healing | 1 | |
| Scroll of Speed | 1 | |
13 total
XAPALOPITEK (
blue | 142 APM | 1518 actions | 10:41)
4 Death Knight
2 Death Coil
1 Unholy Aura
1 Death Pact
2 Lich
1 Frost Nova
1 Frost Armor
» actions
| Assign group hotkey | 50 | |
| Basic commands | 142 | |
| Build / train | 70 | |
| ESC pressed | 2 | |
| Enter build submenu | 10 | |
| Enter hero's abilities submenu | 6 | |
| Give item / drop item | 2 | |
| Right click | 624 | |
| Select / deselect | 173 | |
| Select group hotkey | 361 | |
| Use ability | 78 | |
1518 total
» units
| Acolyte | 5 | |
| Ghoul | 6 | |
| Crypt Fiend | 14 | |
| Obsidian Statue | 2 | |
27 total
» upgrades
» buildings
| Crypt | 1 | |
| Graveyard | 1 | |
| Altar of Darkness | 1 | |
| Ziggurat | 5 | |
| Tomb of Relics | 1 | |
| Nerubian Tower | 4 | |
| Halls of the Dead | 3 | |
| Black Citadel | 5 | |
| Slaughterhouse | 1 | |
22 total
» build order
00:05 Crypt
00:08 Graveyard
00:29 Altar of Darkness
00:46 Ziggurat
01:14 Tomb of Relics
01:49 Ziggurat
02:20 Nerubian Tower
02:21 Nerubian Tower
02:21 Nerubian Tower
03:42 Halls of the Dead
03:43 Halls of the Dead
03:43 Halls of the Dead
04:20 Ziggurat
07:38 Black Citadel
07:39 Black Citadel
07:39 Black Citadel
07:39 Black Citadel
07:50 Slaughterhouse
08:26 Ziggurat
10:17 Ziggurat
» items
| Rod of Necromancy | 4 | |
| Dust of Appearance | 3 | |
| Potion of Healing | 1 | |
| Scroll of Town Portal | 5 | |
13 total
team 2 (loser)
jenesaisplus (
pink | 60 APM | 639 actions | 10:40)
3 Death Knight
2 Death Coil
1 Unholy Aura
1 Lich
1 Frost Nova
» actions
| Assign group hotkey | 23 | |
| Build / train | 31 | |
| Enter build submenu | 11 | |
| Enter hero's abilities submenu | 4 | |
| Right click | 280 | |
| Select / deselect | 180 | |
| Select group hotkey | 79 | |
| Use ability | 31 | |
639 total
» units
| Acolyte | 3 | |
| Ghoul | 1 | |
| Crypt Fiend | 9 | |
| Obsidian Statue | 3 | |
16 total
» upgrades
| Creature Attack | 2 | |
| Destroyer Form | 1 | |
3 total
» buildings
| Crypt | 1 | |
| Graveyard | 1 | |
| Ziggurat | 5 | |
| Altar of Darkness | 1 | |
| Tomb of Relics | 1 | |
| Halls of the Dead | 1 | |
| Slaughterhouse | 1 | |
| Black Citadel | 1 | |
| Nerubian Tower | 1 | |
| Spirit Tower | 1 | |
14 total
» build order
00:08 Crypt
00:14 Graveyard
00:26 Ziggurat
00:47 Altar of Darkness
01:04 Tomb of Relics
01:34 Ziggurat
03:05 Ziggurat
04:14 Halls of the Dead
05:04 Ziggurat
06:38 Slaughterhouse
07:42 Black Citadel
07:49 Ziggurat
08:42 Nerubian Tower
08:44 Spirit Tower
» items
| Rod of Necromancy | 1 | |
| Dust of Appearance | 1 | |
2 total
jesuismauvais (
teal | 81 APM | 860 actions | 10:36)
2 Blademaster
1 Wind Walk
1 Critical Strike
» actions
| Assign group hotkey | 1 | |
| Build / train | 39 | |
| Enter build submenu | 7 | |
| Enter hero's abilities submenu | 2 | |
| Give item / drop item | 1 | |
| Right click | 523 | |
| Select / deselect | 250 | |
| Use ability | 35 | |
860 total
» units
» upgrades
» buildings
| Altar of Storms | 1 | |
| Orc Burrow | 3 | |
| Voodoo Lounge | 1 | |
| Barracks | 2 | |
7 total
» build order
00:04 Altar of Storms
00:18 Orc Burrow
00:55 Voodoo Lounge
01:38 Barracks
02:04 Orc Burrow
02:57 Barracks
04:42 Orc Burrow
» items
| Healing Salve | 3 | |
| Lesser Clarity Potion | 2 | |
| Scroll of Speed | 1 | |
| Circlet of Nobility | 1 | |
| Dust of Appearance | 1 | |
| Boots of Speed | 1 | |
9 total
Chat log
(00:50 / Allies) XAPALOPITEK: u real race?
(00:54 / Allies) noooooobs: always random ^^
(00:58 / Allies) XAPALOPITEK: ;)
(01:02 / Allies) noooooobs: so all 4 equal
(01:11 / Allies) XAPALOPITEK: no eng (
(01:43 / Allies) noooooobs: i mean i can play all races even
(02:30 / Allies) XAPALOPITEK: bm
(02:32 / Allies) noooooobs: se
(03:33 / Allies) noooooobs: bmn thhre
(05:13 / Allies) noooooobs: got items for u
(05:18 / Allies) noooooobs: rings
(05:21 / Allies) noooooobs: here
(05:25 / Allies) XAPALOPITEK: ok
(05:54 / Allies) noooooobs: b
(06:49 / Allies) noooooobs: kk
(07:44 / Allies) XAPALOPITEK: tp
(07:46 / All) XAPALOPITEK: FU MH
(08:15 / Allies) XAPALOPITEK: ty
(08:18 / Allies) noooooobs: dont need tp
(08:20 / Allies) noooooobs: finish
(08:20 / Allies) noooooobs: em
(08:32 / Allies) XAPALOPITEK: mh